 Dungeon Crawl Stone Soup version 0.23.0 (webtiles) character file.

Game seed: 14260697060315858323

193 Faca the Shooter (level 5, 0/46 HPs)
             Began as a Centaur Hunter on Feb 13, 2019.
             Slain by a jackal (2 damage)
             ... on level 3 of the Dungeon.
             The game lasted 00:03:47 (2103 turns).

Faca the Shooter (Centaur Hunter)                   Turns: 2103, Time: 00:03:48

Health: 0/46       AC:  5    Str: 15    XL:     5   Next: 43%
Magic:  5/5        EV:  8    Int: 10    God:
Gold:   108        SH:  0    Dex: 10    Spells: 4/4 levels left

rFire    . . .     SeeInvis .   j - +0 spear
rCold    . . .     Gourm    .   (no shield)
rNeg     . . .     Faith    .   e - +0 ring mail
rPois    .         Spirit   .   (no helmet)
rElec    .         Reflect  .   (no cloak)
rCorr    .         Harm     .   (no gloves)
MR       .....                  (no barding)
Stlth    ..........             (no amulet)
HPRegen  0.15/turn              (no ring)
MPRegen  0.09/turn              (no ring)

@: very quick
A: large, hooves 3, deformed body, speed 2, tough skin 3
a: no special abilities


You were on level 3 of the Dungeon.
You were not hungry.

You visited 1 branch of the dungeon, and saw 3 of its levels.

You collected 108 gold pieces.

Inventory:

Hand Weapons
 a - a +1 shortbow
 j - a +0 spear (weapon)
Missiles
 d - 51 arrows
Armour
 e - a +0 ring mail (worn)
Wands
 n - a wand of flame (18)
Scrolls
 c - 8 scrolls of identify {unknown}
 h - 2 scrolls of teleportation {unknown}
 m - 2 scrolls of amnesia {unknown}
 p - a scroll of remove curse {unknown}
 r - a scroll of blinking {unknown}
Potions
 b - a potion of haste {unknown}
 g - a potion of mutation {unknown}
 i - a potion of lignification {unknown}
 k - a potion of cancellation {unknown}
 l - a potion of degeneration {unknown}
 o - 2 potions of heal wounds {unknown}
Comestibles
 f - 5 rations


   Skills:
 + Level 4.2 Fighting
 + Level 2.7 Polearms
 - Level 5.8 Bows
 - Level 1.3 Dodging
 - Level 0.4 Stealth


You had 4 spell levels left.
You didn't know any spells.
Your spell library contained the following spells:

 Spells                   Type           Power        Failure   Level  Hunger
 Animate Skeleton         Necr           N/A          58%         1    ##.....
 Apportation              Tloc           #.....       58%         1    ##.....
 Confusing Touch          Hex            #.....       58%         1    ##.....
 Summon Small Mammal      Summ           #...         58%         1    ##.....


Dungeon Overview and Level Annotations

Branches:
Dungeon (3/15)

Altars:


Innate Abilities, Weirdness & Mutations

You have hooves in place of feet.
Armour fits poorly on your strangely shaped body.
You cover ground very quickly.
You have extremely tough skin. (AC +3)


Message History

The jackal closely misses you.
The orc wizard hits you with a +0 dagger.
* * * LOW HITPOINT WARNING * * *
The jackal bites you but does no damage.
You hit the orc wizard.
The orc wizard is severely wounded.
The jackal bites you.
* * * LOW HITPOINT WARNING * * *
The orc wizard hits you but does no damage.
The jackal bites you.
* * * LOW HITPOINT WARNING * * *
The jackal barely misses you. The orc hits you but does no damage.
You hit the orc wizard but do no damage.
Your kick misses the orc wizard.
The orc wizard is severely wounded.
The jackal bites you.
* * * LOW HITPOINT WARNING * * *
The orc wizard closely misses you. The jackal closely misses you.
The jackal bites you.
You die...

. ....## ...... ......
#.#### ...
################# #.
#.....o.o........ #.
#..##.h@#....### #.
#.# #.hh#....# #.
##.#.###..##....######
..#.
...#......###........#
..#. .####..#.....##
#...#....# #.#.
.......#.).###
#...#....# #.#.
.......#.####
##..##...# #.#.
#..?.bh#....####
#..####.###.#.
#....ho#.†.....#
##......)...#.


You could see an orc wizard, an orc and 3 jackals.

Vanquished Creatures
  Natasha (thrice) (D:2)
  5 adders
  An ooze (D:1)
  An adder zombie (D:3)
  A worm (D:3)
  3 dart slugs
  A leopard gecko (D:1)
  4 orcs (D:3)
  A ball python (D:1)
  4 giant cockroaches
  3 goblins
  3 hobgoblins
  4 jackals
  A quokka (D:3)
  13 bats
  A frilled lizard (D:2)
  3 kobolds
  9 rats
61 creatures vanquished.

Notes
Turn   | Place    | Note
-------+----------+-------------------------------------------
     0 | D:1      | Faca the Centaur Hunter began the quest for the Orb.
     0 | D:1      | Reached XP level 1. HP: 17/17 MP: 1/1
   178 | D:1      | Reached XP level 2. HP: 20/25 MP: 2/2
   416 | D:1      | Reached XP level 3. HP: 30/30 MP: 3/3
   774 | D:2      | Noticed Natasha
   777 | D:2      | Killed Natasha
   777 | D:2      | Reached skill level 1 in Polearms
   863 | D:2      | Reached XP level 4. HP: 38/38 MP: 4/4
   927 | D:2      | Noticed Natasha
   943 | D:2      | Killed Natasha
  1342 | D:2      | Noticed Natasha
  1352 | D:2      | Killed Natasha
  1666 | D:3      | Reached XP level 5. HP: 40/46 MP: 5/5
  2103 | D:3      | HP: 2/46 [jackal (2)]
  2103 | D:3      | Slain by a jackal

Skill      XL: |  1  2  3  4  5 |
---------------+----------------+-----
Fighting       | 3 4 |  4.2
Polearms       | 1 2 |  2.7
Bows           | |  5.8
Dodging        | |  1.3
Stealth        | |  0.4

Action                   |  1- 3 |  4- 6 || total
-------------------------+-------+-------++-------
Melee: Short sword       |    43 |       ||    43
       Kick              |    17 |    21 ||    38
       Spear             |    50 |   119 ||   169
  Eat: Chunk             |       |     3 ||     3
Armor: Ring mail         |    57 |    65 ||   122
       Leather armour    |     2 |       ||     2
Dodge: Dodged            |    58 |    59 ||   117
